TOP OF THE 1ST |
---|
Villanova Wildcats batting - Pitching for Georgetown Hoyas : RHP Palmer Gill | Pitching: RHP Palmer Gill | | Batting: RHB Bud López | 0-0: Ball 1-0: Ball 2-0: Foul Ball, location: 2F 2-1: Swinging Strike 2-2: SOLO HOME RUN (Flyball, 7D), Distance : 355 ft | Batting: RHB Michael Boulanger | 0-0: Ball 1-0: Ball 2-0: Ball 3-0: Base on Balls | Batting: LHB William Donnelly | 0-0: Foul Ball, location: 2F 0-1: Ball 1-1: Ball Passed Ball! Michael Boulanger to second 2-1: Foul Ball, location: 2F 2-2: Ball 3-2: Base on Balls | Batting: RHB Paul Bell | 0-0: Ground out 5-3 (Groundball, 56S) Michael Boulanger to third William Donnelly to second | Batting: RHB Gary Jones | 0-0: Ball 1-0: Called Strike 1-1: Foul Ball, location: 2F 1-2: SINGLE (Groundball, 34D) Michael Boulanger scores William Donnelly to third | Batting: LHB Anthony Samples | 0-0: Ball 1-0: Ball 2-0: Fielders Choice at 2nd, 4-6 (Groundball, 4D) William Donnelly scores | Batting: RHB Clay Cowden | 0-0: Ball 1-0: Ball 2-0: Called Strike 2-1: Ball 3-1: Called Strike 3-2: 2-RUN HOME RUN (Flyball, 7D), Distance : 370 ft | Batting: RHB Howard Lynch | 0-0: Ground out 5-3 (Groundball, 56S) | Top of the 1st over - 5 runs, 3 hits, 0 errors, 0 left on base; Villanova 5 - Georgetown 0 | BOTTOM OF THE 1ST |
---|
Georgetown Hoyas batting - Pitching for Villanova Wildcats : RHP James Sims | Pitching: RHP James Sims | | Batting: SHB Luis Garza | 0-0: Called Strike 0-1: Foul Ball, location: 2F 0-2: DOUBLE (Line Drive, 7LD) | Batting: RHB Earl Chase | 0-0: Called Strike 0-1: Ball 1-1: Ground out 4-3 (Groundball, 4) Luis Garza to third | Batting: RHB Bruce Foley | 0-0: Foul Ball, location: 2F 0-1: Fly out, F7 (Flyball, 7S) | Batting: RHB Terry Davis | 0-0: Called Strike 0-1: Ball 1-1: Ball 2-1: Ball 3-1: Fly out, F8 (Flyball, 89D) | Bottom of the 1st over - 0 runs, 1 hit, 0 errors, 1 left on base; Villanova 5 - Georgetown 0 | TOP OF THE 2ND |
---|
Villanova Wildcats batting - Pitching for Georgetown Hoyas : RHP Palmer Gill | Batting: SHB Neil Floyd | 0-0: Swinging Strike 0-1: Called Strike 0-2: Foul Ball, location: 2F 0-2: Fly out, F9 (Flyball, 9LSF) | Batting: RHB Bud López | 0-0: Called Strike 0-1: Ball 1-1: SINGLE (Line Drive, 4D) | Batting: RHB Michael Boulanger | 0-0: Foul Ball, location: 2F 0-1: Fly out, F8 (Flyball, 8RS) | Batting: LHB William Donnelly | 0-0: Foul Ball, location: 2F 0-1: Foul Ball, location: 2F 0-2: Ball 1-2: Ball 2-2: Ball 3-2: Ground out 6-3 (Groundball, 6) | Top of the 2nd over - 0 runs, 1 hit, 0 errors, 1 left on base; Villanova 5 - Georgetown 0 | BOTTOM OF THE 2ND |
---|
Georgetown Hoyas batting - Pitching for Villanova Wildcats : RHP James Sims | Batting: RHB Louis Miller | 0-0: Called Strike 0-1: Swinging Strike 0-2: Ball 1-2: Strikes out looking | Batting: LHB Boyd Boone | 0-0: Swinging Strike 0-1: Swinging Strike 0-2: Ball 1-2: Foul Ball, location: 2F 1-2: Strikes out swinging | Batting: RHB Javier Moreno | 0-0: Called Strike 0-1: Ball 1-1: Swinging Strike 1-2: SINGLE (Line Drive, 3S) | Batting: SHB Bob Allen | 0-0: Ground out 4-3 (Groundball, 34D) | Bottom of the 2nd over - 0 runs, 1 hit, 0 errors, 1 left on base; Villanova 5 - Georgetown 0 | TOP OF THE 3RD |
---|
Villanova Wildcats batting - Pitching for Georgetown Hoyas : RHP Palmer Gill | Batting: RHB Paul Bell | 0-0: Swinging Strike 0-1: Ball 1-1: Ball 2-1: Ball 3-1: Base on Balls | Batting: RHB Gary Jones | 0-0: Ball 1-0: Ball 2-0: Called Strike 2-1: Ground out 4-3 (Groundball, 4S) Paul Bell to second | Batting: LHB Anthony Samples | 0-0: Ball 1-0: Ball 2-0: Called Strike 2-1: Foul Ball, location: 2F 2-2: Ball 3-2: Base on Balls | Batting: RHB Clay Cowden | 0-0: Called Strike 0-1: Ball 1-1: Ball 2-1: Called Strike 2-2: Strikes out swinging | Batting: RHB Howard Lynch | 0-0: Ball 1-0: Ball 2-0: SINGLE (Groundball, 6D) Paul Bell to third Anthony Samples to second Runner from 3rd tries for Home, SAFE, throw made home | Batting: SHB Neil Floyd | 0-0: Ball 1-0: Called Strike 1-1: Ball 2-1: Ball 3-1: Swinging Strike 3-2: Base on Balls Anthony Samples to third Howard Lynch to second | Batting: RHB Bud López | 0-0: Ball 1-0: Called Strike 1-1: Foul Ball, location: 2F 1-2: SINGLE (Line Drive, 7LS) Anthony Samples scores Howard Lynch to third Neil Floyd to second | Batting: RHB Michael Boulanger | 0-0: Foul Ball, location: 2F 0-1: Ground out 4-3 (Groundball, 4) | Top of the 3rd over - 2 runs, 2 hits, 0 errors, 3 left on base; Villanova 7 - Georgetown 0 | BOTTOM OF THE 3RD |
---|
Georgetown Hoyas batting - Pitching for Villanova Wildcats : RHP James Sims | Batting: RHB Dave Hayes | 0-0: Foul Ball, location: 2F 0-1: Ball 1-1: Ball 2-1: Called Strike 2-2: Ball 3-2: Strikes out looking | Batting: SHB Luis Garza | 0-0: Ball 1-0: Ball 2-0: Fly out, F8 (Flyball, 8LD) | Batting: RHB Earl Chase | 0-0: Called Strike 0-1: Swinging Strike 0-2: Ball 1-2: Strikes out looking | Bottom of the 3rd over - 0 runs, 0 hits, 0 errors, 0 left on base; Villanova 7 - Georgetown 0 | TOP OF THE 4TH |
---|
Villanova Wildcats batting - Pitching for Georgetown Hoyas : RHP Palmer Gill | Pitching: RHP Siméon Goupil | | Batting: LHB William Donnelly | 0-0: Called Strike 0-1: Called Strike 0-2: Ball 1-2: Ball 2-2: Fly out, F9 (Flyball, 9S) | Batting: RHB Paul Bell | 0-0: Called Strike 0-1: Ball 1-1: Swinging Strike 1-2: Ball 2-2: Ball 3-2: Strikes out swinging | Batting: RHB Gary Jones | 0-0: Ball 1-0: Foul Ball, location: 2F 1-1: Swinging Strike 1-2: Strikes out swinging | Top of the 4th over - 0 runs, 0 hits, 0 errors, 0 left on base; Villanova 7 - Georgetown 0 | BOTTOM OF THE 4TH |
---|
Georgetown Hoyas batting - Pitching for Villanova Wildcats : RHP James Sims | Batting: RHB Bruce Foley | 0-0: Ball 1-0: DOUBLE (Flyball, 8RXD) | Batting: RHB Terry Davis | 0-0: Called Strike 0-1: Ball 1-1: Ball 2-1: Ground out 6-3 (Groundball, 6) | Batting: RHB Louis Miller | 0-0: Fly out, F7 (Flyball, 7) | Batting: LHB Boyd Boone | 0-0: Called Strike 0-1: Ball 1-1: Ball 2-1: Fly out, F9 (Flyball, 9) | Bottom of the 4th over - 0 runs, 1 hit, 0 errors, 1 left on base; Villanova 7 - Georgetown 0 | TOP OF THE 5TH |
---|
Villanova Wildcats batting - Pitching for Georgetown Hoyas : RHP Siméon Goupil | Batting: LHB Anthony Samples | 0-0: Fly out, F7 (Flyball, 7LSF) | Batting: RHB Clay Cowden | 0-0: Foul Ball, location: 2F 0-1: Ball 1-1: Foul Ball, location: 2F 1-2: Strikes out looking | Batting: RHB Howard Lynch | 0-0: Swinging Strike 0-1: Ball 1-1: Foul Ball, location: 2F 1-2: Ball 2-2: Ball 3-2: Foul Ball, location: 2F 3-2: Strikes out looking | Top of the 5th over - 0 runs, 0 hits, 0 errors, 0 left on base; Villanova 7 - Georgetown 0 | BOTTOM OF THE 5TH |
---|
Georgetown Hoyas batting - Pitching for Villanova Wildcats : RHP James Sims | Batting: RHB Javier Moreno | 0-0: Ball 1-0: Ball 2-0: Fly out, F3 (Popup, 3SF) | Batting: SHB Bob Allen | 0-0: Foul Ball, location: 2F 0-1: Swinging Strike 0-2: Ball 1-2: Foul Ball, location: 2F 1-2: Ball 2-2: Strikes out swinging | Batting: RHB Dave Hayes | 0-0: Ball 1-0: Swinging Strike 1-1: Called Strike 1-2: Ground out 5-3 (Groundball, 56S) | Bottom of the 5th over - 0 runs, 0 hits, 0 errors, 0 left on base; Villanova 7 - Georgetown 0 | TOP OF THE 6TH |
---|
Villanova Wildcats batting - Pitching for Georgetown Hoyas : RHP Siméon Goupil | Batting: SHB Neil Floyd | 0-0: Ball 1-0: Called Strike 1-1: Called Strike 1-2: Ball 2-2: Strikes out swinging | Batting: RHB Bud López | 0-0: Ball 1-0: Called Strike 1-1: Ground out 4-3 (Groundball, 4S) | Batting: RHB Michael Boulanger | 0-0: Ball 1-0: Foul Ball, location: 2F 1-1: Ball 2-1: Foul Ball, location: 2F 2-2: Ground out 6-3 (Groundball, 6) | Top of the 6th over - 0 runs, 0 hits, 0 errors, 0 left on base; Villanova 7 - Georgetown 0 | BOTTOM OF THE 6TH |
---|
Georgetown Hoyas batting - Pitching for Villanova Wildcats : RHP James Sims | Batting: SHB Luis Garza | 0-0: Called Strike 0-1: Ball 1-1: Swinging Strike 1-2: Ball 2-2: Strikes out looking | Batting: RHB Earl Chase | 0-0: Ball 1-0: Foul Ball, location: 2F 1-1: Swinging Strike 1-2: Ball 2-2: Reached on error, E6 (Groundball, 6S) | Batting: RHB Bruce Foley | 0-0: Swinging Strike 0-1: Swinging Strike 0-2: Ball 1-2: Fly out, F8 (Flyball, 8LM) | Batting: RHB Terry Davis | 0-0: Ball 1-0: Ball 2-0: Ground out 4-3 (Groundball, 4) | Bottom of the 6th over - 0 runs, 0 hits, 1 error, 1 left on base; Villanova 7 - Georgetown 0 | TOP OF THE 7TH |
---|
Villanova Wildcats batting - Pitching for Georgetown Hoyas : RHP Siméon Goupil | Batting: LHB William Donnelly | 0-0: Called Strike 0-1: Foul Ball, location: 2F 0-2: Strikes out looking | Batting: RHB Paul Bell | 0-0: Foul Ball, location: 2F 0-1: Ball 1-1: Swinging Strike 1-2: Foul Ball, location: 2F 1-2: Strikes out looking | Batting: RHB Gary Jones | 0-0: DOUBLE (Flyball, 78D) | Batting: LHB Anthony Samples | 0-0: Foul Ball, location: 2F 0-1: Foul Ball, location: 2F 0-2: Ball 1-2: Fly out, F3 (Popup, 34S) | Top of the 7th over - 0 runs, 1 hit, 0 errors, 1 left on base; Villanova 7 - Georgetown 0 | BOTTOM OF THE 7TH |
---|
Georgetown Hoyas batting - Pitching for Villanova Wildcats : RHP James Sims | Pitching: RHP Bill Pearson | | Batting: RHB Louis Miller | 0-0: Ball 1-0: Called Strike 1-1: Fly out, F8 (Flyball, 8LD) | Batting: LHB Boyd Boone | 0-0: Called Strike 0-1: Called Strike 0-2: Foul Ball, location: 2F 0-2: Strikes out swinging | Batting: RHB Javier Moreno | 0-0: Ball 1-0: Called Strike 1-1: Fly out, F8 (Flyball, 8RM) | Bottom of the 7th over - 0 runs, 0 hits, 0 errors, 0 left on base; Villanova 7 - Georgetown 0 | TOP OF THE 8TH |
---|
Villanova Wildcats batting - Pitching for Georgetown Hoyas : RHP Siméon Goupil | Batting: RHB Clay Cowden | 0-0: Foul Ball, location: 2F 0-1: Ball 1-1: Ball 2-1: Called Strike 2-2: Ball 3-2: Base on Balls | Pitching: RHP Rob Mullins | | Batting: RHB Howard Lynch | 0-0: Foul Ball, location: 2F 0-1: Ball 1-1: Called Strike 1-2: Strikes out looking | Batting: SHB Neil Floyd | 0-0: Called Strike 0-1: Swinging Strike 0-2: Strikes out swinging | Batting: RHB Bud López | 0-0: Ball 1-0: Called Strike 1-1: Ball 2-1: Ground out 5-3 (Groundball, 56S) | Top of the 8th over - 0 runs, 0 hits, 0 errors, 1 left on base; Villanova 7 - Georgetown 0 | BOTTOM OF THE 8TH |
---|
Georgetown Hoyas batting - Pitching for Villanova Wildcats : RHP Bill Pearson | Now in CF: Mario Ramírez | | Batting: SHB Bob Allen | 0-0: Ball 1-0: DOUBLE (Line Drive, 9LM) | Batting: RHB Dave Hayes | 0-0: Ball 1-0: Ball 2-0: Called Strike 2-1: Ball 3-1: Foul Ball, location: 2F 3-2: Foul Ball, location: 2F 3-2: Foul Ball, location: 2F 3-2: Foul Ball, location: 2F 3-2: Foul Ball, location: 2F 3-2: Foul Ball, location: 2F 3-2: Fly out, F3 (Popup, 3SF) | Batting: SHB Luis Garza | 0-0: Foul Ball, location: 2F 0-1: Ball 1-1: Foul Ball, location: 2F 1-2: Ball 2-2: Foul Ball, location: 2F 2-2: Foul Ball, location: 2F 2-2: Ground out 4-3 (Groundball, 4) Bob Allen to third | Batting: RHB Earl Chase | 0-0: Called Strike 0-1: Foul Ball, location: 2F 0-2: Strikes out swinging | Bottom of the 8th over - 0 runs, 1 hit, 0 errors, 1 left on base; Villanova 7 - Georgetown 0 | TOP OF THE 9TH |
---|
Villanova Wildcats batting - Pitching for Georgetown Hoyas : RHP Rob Mullins | Batting: RHB Michael Boulanger | 0-0: Called Strike 0-1: Foul Ball, location: 2F 0-2: Ball 1-2: Strikes out looking | Batting: LHB William Donnelly | 0-0: Ball 1-0: Foul Ball, location: 2F 1-1: Ball 2-1: Foul Ball, location: 2F 2-2: Ball 3-2: Base on Balls | Batting: RHB Paul Bell | | Pinch Hitting: SHB John Gonzáles | 0-0: Ball 1-0: Ball 2-0: Called Strike 2-1: Ground out U3 (Groundball, 34S) William Donnelly to second | Batting: RHB Gary Jones | 0-0: Called Strike 0-1: SINGLE (Groundball, 3D) William Donnelly to third Runner from 3rd tries for Home, SAFE, throw made home | Batting: LHB Anthony Samples | 0-0: Ball 1-0: DOUBLE (Line Drive, 8RD) Gary Jones to third | Batting: RHB Clay Cowden | 0-0: Ball 1-0: Ball 2-0: Ball 3-0: Base on Balls | Batting: RHB Howard Lynch | 0-0: Foul Ball, location: 2F 0-1: Fielders Choice at 2nd, U6 (Groundball, 6M) | Top of the 9th over - 1 run, 2 hits, 0 errors, 3 left on base; Villanova 8 - Georgetown 0 | BOTTOM OF THE 9TH |
---|
Georgetown Hoyas batting - Pitching for Villanova Wildcats : RHP Bill Pearson | Now at 2B: José Gómez | | Now in LF: Steve Jones | | Batting: RHB Bruce Foley | 0-0: Foul Ball, location: 2F 0-1: Ball 1-1: Swinging Strike 1-2: Ground out 6-3 (Groundball, 6) | Batting: RHB Terry Davis | 0-0: Called Strike 0-1: Ball 1-1: Ball 2-1: Ball 3-1: Base on Balls | Batting: RHB Louis Miller | 0-0: Ball 1-0: 2-RUN HOME RUN (Flyball, 7LD), Distance : 334 ft | Batting: LHB Boyd Boone | 0-0: Called Strike 0-1: Fly out, F5 (Popup, 56S) | Batting: RHB Javier Moreno | 0-0: Foul Ball, location: 2F 0-1: Ball 1-1: Ball 2-1: Swinging Strike 2-2: Ball 3-2: Base on Balls | Batting: SHB Bob Allen | 0-0: Called Strike 0-1: Ball 1-1: SINGLE (Flyball, 78M) Javier Moreno to second | Batting: RHB Dave Hayes | 0-0: Called Strike 0-1: Called Strike 0-2: Strikes out swinging | Bottom of the 9th over - 2 runs, 2 hits, 0 errors, 2 left on base; Villanova 8 - Georgetown 2 | |